Map: [TLMC15] Hardwire

Players

HeroMarine - Winner!

  • Race: Terran Terran
  • League: Master

BlyOnFire (Bly)

  • Race: Zerg Zerg

VOD

Have the link to the VOD?

Description

Time

  • Played on: Oct. 21, 2021, 7:37 a.m.
  • Length: 9:34
Show
View Real Time Build Order
Export as new Build Order

HeroMarine Terran - Winner!

Build Orders:  

Get SALT Encoding   

  12  0:00  SCV  
  13  0:12  SCV  
  14  0:17  Supply Depot  
  14  0:24  SCV  
  15  0:38  SCV  
  15  0:39  Barracks  
  16  0:43  Refinery  
  16  0:50  SCV  
  17  1:02  SCV  
  18  1:15  SCV  
  20  1:25  Reaper  
  20  1:27  Orbital Command  
  20  1:39  Command Center  
  20  1:47  Supply Depot  
  20  1:52  SCV  
  21  1:57  Marine  
  22  2:04  SCV  
  22  2:07  Factory  
  23  2:16  SCV  
  23  2:20  Barracks Reactor  
  24  2:28  SCV  
  25  2:40  SCV  
  25  2:44  Command Center  
  26  2:51  Orbital Command  
  26  2:52  SCV  
  27  3:03  Hellion  
  27  3:04  SCV  
  27  3:05  Barracks Tech Lab, Hellion  
  32  3:15  Barracks  
  32  3:16  SCV x2  
  34  3:25  Marine, Hellion  
  39  3:27  Hellion  
  39  3:30  Stimpack  
  39  3:31  SCV  
  39  3:33  SCV  
  41  3:39  Refinery  
  41  3:43  Marine, SCV  
  41  3:45  SCV  
  44  3:50  Barracks  
  43  3:56  SCV  
  43  3:57  SCV  
  43  3:58  Factory Reactor, Orbital Command  
  43  4:01  Marine  
  45  4:08  SCV  
  45  4:09  Marine x2, SCV  
  49  4:19  Marine  
  49  4:20  SCV  
  49  4:21  SCV  
  52  4:25  Supply Depot  
  52  4:26  Marine  
  52  4:27  Marine, Engineering Bay  
  52  4:28  Engineering Bay, SCV  
  55  4:32  SCV  
  55  4:33  SCV  
  58  4:40  Supply Depot, SCV  
  58  4:42  Starport  
  58  4:45  Factory Reactor  
  58  4:46  SCV  
  58  4:48  SCV, Refinery  
  58  4:50  Refinery  
  58  4:51  Marine  
  58  4:52  SCV  
  62  4:53  Marine  
  62  4:57  Marine  
  62  4:58  Marine, SCV  
  66  5:00  Marine, SCV  
  66  5:01  Terran Infantry Weapons Level 1  
  66  5:05  Terran Infantry Armor Level 1  
  68  5:12  Supply Depot, SCV x2  
  68  5:13  SCV  
  71  5:15  Marine x3  
  71  5:16  Marine  
  71  5:17  Marine  
  71  5:19  Combat Shield  
  76  5:29  Factory Tech Lab  
  76  5:32  Marine  
  76  5:34  Medivac x2, Bunker  
  80  5:35  Marine  
  80  5:37  Marine  
  79  5:44  Marine  
  79  5:46  SCV x3  
  81  5:51  Siege Tank  
  84  5:59  Supply Depot  
  84  6:00  Supply Depot  
  84  6:03  Supply Depot x2  
  84  6:10  Medivac x2  
  88  6:11  Marine  
  88  6:14  Marine x3  
  88  6:16  Supply Depot  
  88  6:19  SCV, Orbital Command  
  88  6:20  SCV  
  90  6:25  Siege Tank  
  90  6:26  Marine  
  90  6:29  Marine  
  90  6:32  Marine x2, SCV x2  
  100  6:35  Marine  
  98  6:40  Medivac  
  98  6:44  Marine, SCV x2  
  98  6:45  SCV  
  102  6:47  Marine  
  102  6:50  Marine  
  102  6:53  Marine  
  102  6:54  Orbital Command  
  103  6:57  SCV  
  103  6:58  Siege Tank  
  105  7:01  Marine  
  105  7:05  Marine, SCV  
  105  7:08  Marine  
  102  7:09  SCV  
  102  7:11  Marine  
  96  7:19  Marine  
  96  7:22  Refinery  
  97  7:23  Marine  
  97  7:24  Refinery  
  97  7:26  Marine  
  97  7:29  Marine  
  98  7:30  SCV  
  98  7:31  SCV  
  98  7:34  Siege Tank  
  98  7:36  Medivac x2  
  105  7:37  Marine  
  105  7:41  Marine  
  105  7:43  Marine  
  106  7:46  Marine  
  107  7:55  Marine  
  105  7:58  Marine  
  105  8:01  Marine  
  105  8:04  Marine  
  110  8:06  Medivac x2  
  111  8:13  Marine  
  111  8:16  Marine  
  111  8:19  Marine  
  113  8:20  Supply Depot  
  113  8:26  Siege Tank  
  116  8:27  Barracks Reactor  
  116  8:29  Barracks  
  116  8:30  Marine  
  116  8:31  Barracks  
  116  8:32  Supply Depot, SCV x2  
  116  8:33  SCV  
  119  8:34  Marine  
  119  8:37  Marine  
  119  8:38  Orbital Command  
  118  8:42  Medivac x2  
  118  8:48  Marine, SCV x2  
  124  8:52  Marine  
  124  8:55  Marine  
  127  9:00  SCV x2  
  128  9:05  SCV  
  128  9:06  Marine  
  127  9:10  Marine x3  
  127  9:12  Marine, SCV  
  127  9:13  SCV  
  131  9:17  SCV  
  137  9:33  Supply Depot  
  137  9:34  Supply Depot  
Show
View Real Time Build Order
Export as new Build Order

BlyOnFire Zerg 

Build Orders: Hatch First, Roach Nydus 

Get SALT Encoding   

  12  0:00  Drone  
  13  0:12  Overlord  
  13  0:17  Drone  
  14  0:30  Drone  
  14  0:33  Drone  
  16  0:48  Hatchery  
  15  0:51  Drone  
  15  0:54  Drone  
  17  0:58  Drone  
  18  1:08  Extractor  
  17  1:14  Spawning Pool  
  17  1:16  Drone  
  17  1:20  Drone  
  18  1:28  Drone  
  19  1:39  Drone  
  20  1:50  Overlord  
  20  2:00  Queen x2  
  24  2:01  Zergling x4  
  26  2:10  Drone  
  26  2:11  Drone  
  26  2:13  Metabolic Boost  
  28  2:21  Drone x2  
  30  2:36  Queen  
  31  2:42  Queen  
  31  2:43  Drone x2  
  34  2:45  Overlord  
  34  2:49  Overlord  
  34  2:53  Drone  
  35  3:06  Drone x3  
  38  3:16  Drone  
  38  3:17  Drone x5  
  44  3:24  Lair  
  44  3:27  Drone x2  
  46  3:40  Hatchery  
  45  3:43  Zergling x6  
  45  3:46  Extractor  
  45  3:48  Extractor  
  46  3:49  Extractor  
  45  4:00  Drone x3  
  45  4:01  Drone x4  
  51  4:15  Roach Warren  
  51  4:16  Overlord x4  
  50  4:27  Overseer, Nydus Network  
  48  4:40  Drone x3  
  48  4:41  Drone x2  
  53  4:57  Glial Reconstitution  
  53  4:59  Roach x8  
  69  5:05  Roach x2  
  73  5:07  Nydus Canal  
  73  5:21  Overlord  
  73  5:24  Overseer, Nydus Canal  
  73  5:29  Ravager x2  
  73  5:30  Overlord  
  71  5:45  Roach  
  71  5:46  Overseer, Roach x7  
  81  5:56  Roach x5  
  91  6:07  Nydus Canal  
  91  6:11  Overseer, Overlord x4  
  91  6:18  Roach x3  
  97  6:23  Nydus Canal  
  97  6:42  Roach x8  
  113  6:52  Roach x7  
  127  6:58  Roach x2  
  129  7:08  Nydus Canal  
  111  7:10  Overseer  
  90  7:16  Roach x6  
  99  7:27  Roach x4  
  103  7:34  Nydus Canal  
  101  7:40  Roach x3  
  101  7:43  Overlord x2  
  107  7:56  Nydus Canal  
  95  7:58  Roach x5  
  101  8:07  Overseer  
  89  8:16  Drone x11  
  94  8:21  Evolution Chamber  
  83  8:42  Roach x9  
  83  8:45  Extractor  
  83  8:46  Extractor  
  98  8:57  Roach x7  
  109  9:07  Roach x4  
  111  9:11  Ravager  
  111  9:12  Ravager x2  
Tags
 
Add a new tag
Caveats
  • Supply blocks, unpowered buildings, or Contaminate may cause inaccurate times.
  • Supply counts are checked every 10 seconds.